 Dungeon Crawl Stone Soup version 0.31.0-11-ge490571c62 (webtiles) character file.

Game seed: 11314710826480524542

98 qw the Shooter (level 4, -3/25 HPs)
             Began as a Deep Elf Hunter on Feb 3, 2024.
             Killed from afar by an orc wizard (5 damage)
             ... with a magic dart
             ... on level 4 of the Dungeon.
             The game lasted 00:00:49 (2727 turns).

qw the Shooter (Deep Elf Hunter)                    Turns: 2727, Time: 00:00:50

Health: -3/25      AC:  7    Str: 10    XL:     4   Next: 44%
Magic:  0/6        EV: 11    Int: 14    God:
Gold:   170        SH:  0    Dex: 18    Spells: 3/3 levels left

rFire   . . .        a - +0 shortbow
rCold   . . .        (shield currently unavailable)
rNeg    . . .        g - +0 ring mail
rPois   .            (no helmet)
rElec   .            (no cloak)
rCorr   .            (no gloves)
SInv    .            e - +1 pair of boots
Will    .....        c - amulet of guardian spirit
Stlth   +            (no ring)
HPRegen 0.24/turn    (no ring)
MPRegen 0.10/turn

%: guardian spirit
@: no status effects
A: no striking features
a: no special abilities


You were on level 4 of the Dungeon.
You visited 1 branch of the dungeon, and saw 4 of its levels.

You collected 170 gold pieces.


   Skills:
 - Level 1.5 Fighting
 + Level 7.9 Ranged Weapons
 - Level 2.4 Dodging
 - Level 1.2 Stealth


You had 3 spell levels left.
You didn't know any spells.
Your spell library was empty.

Inventory:

Hand Weapons
 a - a +0 shortbow (weapon)
Armour
 e - a +1 pair of boots (worn)
 g - a +0 ring mail (worn)
Jewellery
 c - an amulet of guardian spirit (around neck)
Wands
 f - a wand of paralysis (8)
Potions
 b - a potion of mutation {unknown}
 j - a potion of degeneration {unknown}
 l - 2 potions of enlightenment

Dungeon Overview and Level Annotations

Branches:
Dungeon (4/15)
 Temple: D:4-7

Altars:

Shops:
D:3 :


Message History

The adder misses you.
Something hits you but does no damage. x2
The adder bites you.
You shoot an arrow. The arrow barely misses the adder.
Something hits you. Something hits you but does no damage. The adder bites you.
Something hits you but does no damage.
You hear some strange, mumbled words.
Something tries to affect you, but you resist.
You shoot an arrow. The arrow hits the adder.
The adder is almost dead.
You hear the slow rusting of a very distant drain.
The adder bites you but does no damage. Something completely misses you.
You hear some strange, mumbled words.
Something tries to affect you, but you resist.
The adder bites you but does no damage.
You shoot an arrow. The arrow hits the adder.
You kill the adder!
Something hits you but does no damage. Something hits you.
You shoot an arrow. Something hits you. x2
You shoot an arrow.
Something hits you but does no damage. x2
You shoot an arrow.
Something hits you but does no damage. x2
You shoot an arrow.
You hear some strange, mumbled words.
A magic dart appears from out of thin air!
The magic dart hits you. Something hits you. x2
Something hits you but does no damage.
You shoot an arrow.
You hear some strange, mumbled words.
A puff of flame appears from out of thin air!
The puff of flame misses you. Something hits you.
You shoot an arrow. Something hits you. Something hits you but does no damage.
You shoot an arrow. Something hits you but does no damage.
You hear some strange, mumbled words.
A magic dart appears from out of thin air!
The magic dart hits you.
You die...

............#
............#
#..........# ##
..........# ##.
#..).....#
..####>).....
#......{{.# ##
#..).<..@)#
...###.........#
#......<......#
#.##..........#
#.##..........#
#.............#
#..##.........#
#.. #....<....#
... #.........#


There were no monsters in sight!

Vanquished Creatures
  3 adders
  4 orcs
  7 bats
  10 endoplasms
  6 goblins
  4 hobgoblins
  2 jackals (D:1)
  3 kobolds
  2 quokkas
  2 ball pythons
  3 frilled lizards
  19 rats (D:2)
65 creatures vanquished.

Notes
Turn   | Place    | Note
-------+----------+-------------------------------------------
     0 | D:1      | qw the Deep Elf Hunter began the quest for the Orb.
     0 | D:1      | Reached XP level 1. HP: 12/12 MP: 3/3
     0 | D:1      | 0 ||| qw: Version: 0.3-a-155-g5e7d8dd
     0 | D:1      | 0 ||| qw: Game counter: 3209
     0 | D:1      | 0 ||| qw: Melee chars always use a shield: true
     0 | D:1      | 0 ||| qw: God list: Okawaru
     0 | D:1      | 0 ||| qw: Allow faded altars: false
     0 | D:1      | 0 ||| qw: Do Orc after clearing Dungeon:15 true
     0 | D:1      | 0 ||| qw: Do second Lair branch before Depths: true
     0 | D:1      | 0 ||| qw: Lair rune preference: random
     0 | D:1      | 0 ||| qw: Goals: Normal
     0 | D:1      | 0 ||| PLANNING D:1-11
   285 | D:1      | Reached XP level 2. HP: 16/16 MP: 4/4
   290 | D:1      | Reached skill level 6 in Ranged Weapons
   987 | D:1      | 987 ||| UPGRADING to +1 pair of boots.
   992 | D:1      | 992 ||| UPGRADING to +0 ring mail.
  1002 | D:1      | 1002 ||| DROPPING +0 leather armour.
  1003 | D:1      | 1003 ||| DROPPING ring of wizardry.
  1004 | D:1      | 1004 ||| READING scroll labelled ERCHYLL VOZA.
  1005 | D:1      | 1005 ||| READING 2 scrolls labelled PAFRO COSHA.
  1005 | D:1      | 1005 ||| IDENTIFYING glowing dark potion
  1006 | D:1      | 1006 ||| READING scroll of identify.
  1006 | D:1      | 1006 ||| IDENTIFYING blue potion
  1007 | D:1      | 1007 ||| READING scroll labelled BAREAP UCIG.
  1008 | D:1      | 1008 ||| DRINKING 2 fizzy green potions.
  1009 | D:1      | 1009 ||| DROPPING scroll of butterflies.
  1010 | D:1      | 1010 ||| DROPPING potion of magic.
  1052 | D:2      | Reached XP level 3. HP: 20/20 MP: 5/5
  1386 | D:2      | Reached skill level 7 in Ranged Weapons
  1806 | D:2      | 1806 ||| READING scroll of identify.
  1806 | D:2      | 1806 ||| IDENTIFYING emerald potion
  1807 | D:2      | 1807 ||| READING scroll labelled NEDUUC JUJ.
  1908 | D:2      | 1908 ||| READING scroll labelled SEEPSA JIUR.
  1909 | D:2      | 1909 ||| DRINKING 2 viscous coppery potions.
  1910 | D:2      | 1910 ||| FLEEEEING.
  1911 | D:2      | 1911 ||| FLEEEEING.
  1912 | D:2      | 1912 ||| FLEEEEING.
  1913 | D:2      | 1913 ||| FLEEEEING.
  1914 | D:2      | 1914 ||| FLEEEEING.
  1915 | D:2      | 1915 ||| FLEEEEING.
  1916 | D:2      | 1916 ||| FLEEEEING.
  1917 | D:2      | 1917 ||| FLEEEEING.
  1918 | D:2      | 1918 ||| FLEEEEING.
  1919 | D:2      | 1919 ||| FLEEEEING.
  1920 | D:2      | 1920 ||| FLEEEEING.
  1921 | D:2      | 1921 ||| FLEEEEING.
  1922 | D:2      | 1922 ||| FLEEEEING.
  1923 | D:2      | 1923 ||| FLEEEEING.
  1924 | D:2      | 1924 ||| FLEEEEING.
  1925 | D:2      | 1925 ||| FLEEEEING.
  1926 | D:2      | 1926 ||| FLEEEEING.
  1927 | D:2      | 1927 ||| FLEEEEING.
  1928 | D:2      | 1928 ||| FLEEEEING.
  1929 | D:2      | 1929 ||| FLEEEEING.
  1930 | D:2      | 1930 ||| FLEEEEING.
  1931 | D:2      | 1931 ||| FLEEEEING.
  1932 | D:2      | 1932 ||| FLEEEEING.
  1933 | D:2      | 1933 ||| FLEEEEING.
  1934 | D:2      | 1934 ||| FLEEEEING.
  1935 | D:2      | 1935 ||| FLEEEEING.
  1936 | D:2      | 1936 ||| FLEEEEING.
  1937 | D:2      | 1937 ||| FLEEEEING.
  1938 | D:2      | 1938 ||| FLEEEEING.
  1939 | D:2      | 1939 ||| FLEEEEING.
  1940 | D:2      | 1940 ||| FLEEEEING.
  1941 | D:2      | 1941 ||| FLEEEEING.
  1942 | D:2      | 1942 ||| FLEEEEING.
  1943 | D:2      | 1943 ||| FLEEEEING.
  1944 | D:2      | 1944 ||| FLEEEEING.
  1945 | D:2      | 1945 ||| FLEEEEING.
  1946 | D:2      | 1946 ||| DROPPING potion of brilliance.
  1947 | D:2      | 1947 ||| DROPPING potion of berserk rage.
  2001 | D:3      | Found a faded altar of an unknown god.
  2016 | D:3      | Reached XP level 4. HP: 25/25 MP: 6/6
  2303 | D:3      | Found Nuwogeo's Vocational Training.
  2639 | D:3      | 2639 ||| UPGRADING to amulet of guardian spirit.
  2644 | D:3      | 2644 ||| READING scroll labelled OQEPSEGREI.
  2675 | D:4      | 2675 ||| PLANNING SEWER
  2704 | D:4      | 2704 ||| FLEEEEING.
  2711 | D:4      | 2711 ||| DRINKING potion of curing.
  2711 | D:4      | 2711 ||| (to cure confusion)
  2724 | D:4      | HP: 6/25 [something (1)]
  2725 | D:4      | HP: 2/25 [something (2)]
  2727 | D:4      | Killed from afar by an orc wizard

Levels and vault maps discovered:
D:1:      nicolae_arrival_somewhat_less_tricky_arrival, layout_basic
D:2:      layout_basic, minmay_gold_behind_fungi, minmay_rat_hole
D:3:      layout_loops_ring, hellmonk_ecumenical_altar_slurped_away,
          nicolae_shop_vocational
D:4:      layout_rooms, temple_hall, gup_sewer_entry_spiral

Skill      XL: |  1  2  3 |
---------------+----------+-----
Ranged Weapons | 6 7 |  7.9
Fighting       | |  1.5
Dodging        | |  2.4
Stealth        | |  1.2

Action                     |  1- 3 |  4- 6 || total
---------------------------+-------+-------++-------
   Fire: Shortbow          |   135 |    46 ||   181
    Use: Scroll            |     7 |     1 ||     8
         Potion            |     2 |     1 ||     3
 Armour: Leather armour    |     7 |       ||     7
         Ring mail         |    24 |    51 ||    75
  Dodge: Dodged            |    46 |    16 ||    62

Table legend:
 A = Non-vault XP
 B = Vault XP
 C = Vault XP percentage of total XP
 D = Non-vault monster count
 E = Vault monster count
 F = Vault count percentage of total count
                 A         B        C        D         E       F
            +---------+---------+-------+---------+---------+-------
      Total |     119 |      22 |  15.6 |      45 |      20 |  30.8
            +---------+---------+-------+---------+---------+-------
        D:1 |      35 |       0 |   0.0 |      19 |       0 |   0.0
        D:2 |      36 |      20 |  35.7 |      15 |      19 |  55.9
        D:3 |      14 |       2 |  12.5 |       6 |       1 |  14.3
        D:4 |      34 |       0 |   0.0 |       5 |       0 |   0.0
            +---------+---------+-------+---------+---------+-------
